 Dungeon Crawl Stone Soup version 0.19-a0 (webtiles) character file.

21 M4edhros the Insei (level 2, 0/20 HPs)
             Began as a Vampire Transmuter on Apr 27, 2016.
             Succumbed to an adder's poison
             ... on level 2 of the Dungeon.
             The game lasted 00:02:32 (297 turns).

M4edhros the Insei (Vampire Transmuter)              Turns: 297, Time: 00:02:34

Health: 0/20       AC:  2    Str:  8 (9)  XL:     2   Next: 62%
Magic:  2/5        EV: 12    Int: 17 (20) God:
Gold:   6          SH:  0    Dex: 12 (14) Spells: 2 memorised, 2 levels left

rFire  . . .     SeeInvis +       - Unarmed
rCold  . . .     Gourm    .     b - +0 robe
rNeg   . . .     Faith    .     (no shield)
rPois  .         Spirit   .     (no helmet)
rElec  .         Dismiss  .     (no cloak)
rCorr  .         Reflect  .     (no gloves)
SustAt .         Harm     .     g - -1 pair of boots (curse)
MR     .....                    (no amulet)
Stlth  +.........               (no ring)
                                (no ring)

@: brilliant, lethally poisoned (0 -> -7), very slightly contaminated,
regenerating very quickly, not resistant to hostile enchantments, very
unstealthy
A: fangs 3, see invisible, unbreathing
a: no special abilities


You were on level 2 of the Dungeon.
You were almost alive.

You visited 1 branch of the dungeon, and saw 2 of its levels.

You collected 6 gold pieces.

Inventory:

Missiles
 a - 63 arrows
 d - 20 sling bullets
Armour
 b - a +0 robe (worn)
 g - a cursed -1 pair of boots (worn)
Scrolls
 h - a scroll of immolation {unknown}
Books
 c - a book of Changes

   Spells                             Type                      Level
   a - Beastly Appendage              Transmutation                1
   b - Sticks to Snakes               Transmutation                2
   c - Spider Form                    Transmutation/Poison         3
   d - Ice Form                       Ice/Transmutation            4
   e - Blade Hands                    Transmutation                5


   Skills:
 - Level 0.8 Fighting
 - Level 2.1 Dodging
 + Level 4.3 Unarmed Combat
 - Level 2.0 Spellcasting
 - Level 2.1 Transmutations


You had 2 spell levels left.
You knew the following spells:

 Your Spells              Type           Power        Failure   Level  Hunger
a - Beastly Appendage     Trmt           ###...       1%          1    #......
b - Sticks to Snakes      Trmt           ###.....     1%          2    ###....


Dungeon Overview and Level Annotations

Branches:
Dungeon (2/15)

Altars:
Nemelex Xobeh
Trog


Innate Abilities, Weirdness & Mutations

Your natural rate of healing is extremely fast.
You have razor-sharp teeth.
You have supernaturally acute eyesight.
You can survive without breathing.


Message History

You miss the adder. The adder bites you.
* * * LOW HITPOINT WARNING * * *
You are lethally poisoned!
The adder poisons you!
You closely miss the adder.
* * * LOW HITPOINT WARNING * * *
You feel sick. The adder bites you.
* * * LOW HITPOINT WARNING * * *
The adder bites you.
* * * LOW HITPOINT WARNING * * *
You aren't carrying any items that you can evoke.
Read which item? (? for menu, Esc to quit)
Okay, then.
Read which item? (? for menu, Esc to quit)
You don't have any such object.
Read which item? (? for menu, Esc to quit)
As you read the scroll labeled RALOKE SUMIQ, it crumbles to dust.
You hear a loud clanging noise!
It was a scroll of noise.
You die...

##.#. ... ... ... #.# #g# #S#
.... #@# #.. ....# #.# #..
....# #.# ### ... ... #.# ##.#
#.# #.# #.####.#.## #.#
###.####.....###.##
#.###........##...#...###
.####.##⌠.⌠..###............###
...<....._....#####.#.........#


You could see an adder and a goblin.

Vanquished Creatures
  An adder (D:2)
  A giant gecko (D:1)
  A ball python (D:1)
  A goblin (D:1)
  2 hobgoblins (D:1)
  A quokka (D:2)
  2 giant newts
  2 rats (D:2)
11 creatures vanquished.

Notes
Turn   | Place    | Note
--------------------------------------------------------------
     0 | D:1      | M4edhros the Vampire Transmuter began the quest for the Orb.
     0 | D:1      | Reached XP level 1. HP: 14/14 MP: 3/3
   126 | D:1      | Reached skill level 4 in Unarmed Combat
   126 | D:1      | Reached XP level 2. HP: 13/20 MP: 5/5
   150 | D:2      | Found a sparkling altar of Nemelex Xobeh.
   207 | D:2      | Learned a level 2 spell: Sticks to Snakes
   237 | D:2      | Found a bloodstained altar of Trog.
   296 | D:2      | HP: 1/20 [adder (1)]
   297 | D:2      | Succumbed to an adder's poison

Vault maps used:
D:1:      onia_arrival_mini_maze_b, kennysheep_boxes
D:2:      lemuel_doored_altar, makhleb_altar_promises_db,
          nemelex_xobeh_ov_fountains_minmay, eino_tiny_chamber

Skill      XL: |  1 |
---------------+----+-----
Unarmed Combat | 4 |  4.3
Fighting       | |  0.8
Dodging        | |  2.1
Spellcasting   | |  2.0
Transmutations | |  2.1

Action                   || total
-------------------------++-------
Melee: Unarmed           ||    43
       Bite              ||     2
  Use: Potion            ||    10
       Scroll            ||     1
 Stab: Sleeping          ||     2
Armor: Robe              ||     3
Dodge: Dodged            ||    22
